Map: Oblivion Express

Players

Xaeric

  • Race: Zerg Zerg

Apollo

  • Race: Terran Terran

VOD

Have the link to the VOD?

Description

Time

  • Played on: Aug. 26, 2025, 10:36 p.m.
  • Length: 23:50
Show
View Real Time Build Order
Export as new Build Order

Xaeric Zerg 

Build Orders:  

Get SALT Encoding   

  12  0:05  Drone  
  13  0:10  Drone  
  14  0:21  Overlord  
  14  0:33  Extractor  
  14  0:34  Drone  
  14  0:37  Drone, Extractor  
  14  0:50  Drone x2  
  16  1:02  Drone x2  
  16  1:09  Drone  
  19  1:26  Spawning Tool  
  18  2:00  Zergling x2  
  18  2:01  Zergling x4  
  21  2:13  Overlord, Drone  
  22  2:32  Infestation Pit  
  22  2:39  Drone  
  22  2:41  Drone x2  
  22  2:44  Drone  
  25  3:09  Drone  
  26  3:10  Drone  
  27  3:33  Hatchery  
  27  3:39  Drone  
  27  3:45  Overlord  
  27  3:48  Drone  
  28  4:11  Drone x2  
  28  4:14  Overlord  
  28  4:16  Drone  
  28  4:17  Drone  
  32  4:20  Drone  
  32  4:27  Drone x2  
  35  4:46  Extractor  
  35  4:48  Drone, Extractor  
  35  4:49  Drone  
  35  5:07  Drone x2  
  35  5:08  Drone  
  38  5:16  Hardened Ergonergy Shield, Evolution Chamber  
  37  5:22  Evolution Chamber  
  37  5:23  Drone x3  
  37  5:24  Drone  
  40  5:30  Zergling  
  40  5:31  Zergling  
  39  6:10  Drone x6  
  39  6:13  Drone x2  
  39  6:15  Drone x2  
  49  6:26  Zerg Melee Weapons Level 1  
  49  6:27  Zerg Ground Armor Level 1  
  49  6:28  Zerg Missile Weapons Level 1  
  49  6:30  Hydralisk Den, Metabolic Boost  
  49  6:33  Adrenal Glands  
  49  6:38  Drone  
  49  6:39  Drone  
  50  7:10  Erudition Missile Launchers  
  50  7:11  Muscular Augments  
  50  7:14  Super Gary  
  47  7:40  Drone x3  
  46  7:42  Drone  
  50  8:05  Zergling x4  
  50  8:07  Overlord x2  
  52  8:48  Hydralisk  
  52  8:49  Hydralisk x7  
  68  8:52  Overlord  
  68  8:53  Overlord x3  
  68  9:15  Overlord x2  
  68  9:34  Overlord  
  68  9:42  Zergling x2  
  68  9:43  Zergling x6  
  68  9:44  Zergling x2  
  68  9:45  Zergling x4  
  68  9:48  Hydralisk x2  
  68  9:49  Hydralisk  
  81  10:05  Hatchery  
  81  10:08  Zergling x4  
  81  10:09  Zergling x4  
  84  10:51  Zergling x2  
  84  10:52  Zergling x16  
  84  10:53  Zergling x4  
  84  10:56  Overlord, Zergling  
  84  10:57  Overlord, Zergling  
  95  11:03  Zerg Melee Weapons Level 2, Zerg Missile Weapons Level 2  
  95  11:04  Zerg Ground Armor Level 2  
  95  11:05  Zergling  
  95  11:06  Zergling  
  95  11:07  Zergling  
  95  11:09  Zergling x3  
  68  11:10  Zergling  
  95  11:11  Zergling  
  95  11:13  Zergling x2  
  95  11:15  Zergling x2  
  95  11:16  Zergling x3  
  95  11:18  Zergling  
  95  11:20  Zergling  
  95  11:22  Zergling  
  95  11:25  Hydralisk  
  90  11:30  Zergling  
  90  11:32  Zergling  
  90  11:36  Zergling  
  84  11:40  Zergling  
  84  11:41  Zergling  
  84  11:45  Zergling  
  84  11:47  Zergling  
  82  11:55  Zergling  
  82  11:58  Zergling x3  
  82  11:59  Zergling x34  
  93  12:12  Zergling  
  82  12:40  Hydralisk  
  82  12:41  Hydralisk x10  
  82  12:42  Hydralisk  
  102  12:50  Zergling x3  
  102  12:51  Zergling x4  
  102  12:55  Zergling  
  102  12:56  Hydralisk  
  102  12:59  Zergling  
  104  13:02  Hydralisk  
  104  13:05  Hydralisk, Zergling  
  104  13:06  Zergling  
  104  13:07  Zergling  
  104  13:08  Zergling  
  101  13:10  Zergling  
  101  13:12  Zergling x2  
  101  13:15  Zergling  
  101  13:17  Hydralisk, Zergling  
  101  13:19  Zergling  
  100  13:21  Zergling x2  
  100  13:23  Hydralisk, Zergling x2  
  100  13:25  Zergling  
  100  13:26  Zergling  
  100  13:27  Zergling  
  100  13:29  Zergling  
  98  13:30  Zergling  
  98  13:31  Zergling  
  98  13:32  Zergling x2  
  98  13:37  Zergling  
  79  13:41  Ultralisk Cavern  
  79  13:48  Zergling x3  
  79  13:49  Zergling x18  
  84  13:50  Zergling x16  
  72  14:00  Zergling  
  72  14:02  Zergling  
  72  14:03  Zergling  
  72  14:04  Zergling x2  
  72  14:06  Zergling x2  
  72  14:07  Zergling  
  72  14:08  Zergling  
  72  14:09  Zergling x2  
  72  14:10  Zergling  
  72  14:11  Zergling  
  72  14:12  Zergling x2  
  72  14:13  Zergling x2  
  72  14:14  Zergling x2  
  72  14:16  Zergling  
  71  14:20  Zergling  
  71  14:29  Zergling  
  68  14:39  Zergling x12  
  89  14:40  Zergling x18  
  76  14:51  Zergling  
  75  15:07  Hydralisk x3  
  75  15:08  Ultralisk x3  
  75  15:09  Ultralisk x3  
  117  15:12  Electrostatic Surprise, Mecha Mooch Module  
  117  15:13  Zergling  
  117  15:15  Zerg Melee Weapons Level 3  
  117  15:16  Zerg Missile Weapons Level 3  
  117  15:17  Zerg Ground Armor Level 3  
  117  15:23  Tyr-Class Targeting System  
  117  15:28  Hydralisk  
  118  16:02  Hydralisk  
  118  16:03  Zergling  
  118  16:04  Zergling  
  118  16:12  Chitanium Plating  
  118  16:13  Zergling  
  112  16:43  Hydralisk x2  
  112  16:44  Hydralisk x9  
  112  16:45  Hydralisk  
  136  16:56  Zergling  
  136  16:58  Zergling  
  136  17:08  Zergling  
  136  17:09  Zergling  
  135  17:30  Hydralisk  
  135  17:34  Overlord, Zergling  
  135  17:35  Overlord x11  
  137  17:45  Zergling  
  137  17:48  Zergling  
  136  18:01  Zergling  
  133  18:28  Zergling  
  133  18:30  Zergling x2  
  133  18:31  Zergling x34  
  133  18:37  Pneumatized Carapace  
  150  18:59  Zergling  
  150  19:00  Zergling  
  150  19:03  Zergling  
  150  19:13  Zergling  
  148  19:56  Zergling  
  148  19:58  Zergling  
  148  20:13  Zergling  
  148  20:15  Drone x2  
  148  20:17  Drone, Zergling  
  151  20:22  Drone  
  151  20:28  Zergling  
  151  20:37  Zergling  
  151  20:39  Zergling  
  151  20:47  Ultralisk x2  
  151  20:48  Ultralisk x6  
  151  20:49  Zergling x4  
  198  21:22  Zergling  
  198  21:48  Zergling  
Show
View Real Time Build Order
Export as new Build Order

Apollo Terran 

Build Orders:  

Get SALT Encoding   

  12  0:05  Starport Tech Lab  
  12  0:08  SCV  
  13  0:25  SCV  
  13  0:26  Supply Depot  
  15  0:42  SCV  
  16  1:00  Assault Galleon  
  16  1:01  SCV  
  16  1:15  Refinery  
  16  1:18  SCV  
  17  1:35  SCV  
  19  1:52  SCV  
  19  2:01  Assault Galleon  
  19  2:09  SCV  
  20  2:26  SCV  
  22  2:43  SCV  
  22  2:59  Armory  
  23  3:00  SCV  
  23  3:02  Assault Galleon  
  23  3:05  Refinery  
  23  3:17  SCV  
  25  3:34  SCV  
  25  3:36  Supply Depot  
  26  3:51  SCV  
  26  4:03  Assault Galleon  
  26  4:08  SCV  
  27  4:25  SCV  
  28  4:33  Fusion Core  
  28  4:39  Engineering Bay  
  29  4:41  SCV  
  29  4:55  Command Center  
  29  4:58  SCV  
  30  5:05  Assault Galleon  
  30  5:48  Missile Turret  
  33  6:10  Black Market Launchers  
  33  6:12  Drone Hangar  
  33  6:46  Supply Depot  
  37  7:04  SCV  
  37  7:06  Refinery  
  37  7:11  Drone Hangar  
  38  7:21  SCV  
  38  7:22  Supply Depot  
  38  7:28  Widow Mine  
  38  7:29  Widow Mine  
  45  7:30  Widow Mine  
  45  7:34  Horner Weapons Level 1  
  45  7:38  SCV  
  48  7:43  Drone Hangar  
  49  7:52  Refinery  
  49  7:54  SCV  
  50  8:11  SCV  
  50  8:19  Widow Mine  
  52  8:28  SCV  
  56  8:38  Drone Hangar  
  56  8:45  SCV  
  61  9:02  SCV  
  61  9:13  Drone Hangar  
  61  9:19  SCV  
  62  9:20  Missile Turret  
  62  9:36  SCV  
  63  9:44  Widow Mine x4  
  72  9:53  SCV  
  72  9:55  Widow Mine  
  74  10:01  Missile Turret  
  74  10:03  Widow Mine x2  
  74  10:04  Widow Mine x2  
  83  10:10  Widow Mine, SCV  
  85  10:27  SCV  
  87  10:44  SCV  
  87  10:48  Immolation Fluid  
  88  11:01  SCV  
  88  11:18  SCV  
  89  11:38  SCV  
  90  11:40  Supply Depot  
  90  11:51  Tar Bombs  
  90  12:12  Supply Depot  
  90  12:19  Hellion x3  
  98  12:20  Hellion x2  
  98  12:29  Hellion x3  
  108  12:30  Hellion x2  
  108  12:31  Horner Armor Level 1  
  110  12:40  Multi-Threaded Sensors  
  110  12:42  Hellion x5  
  110  12:44  Supply Depot  
  110  12:47  Theia Raven  
  122  12:54  LE9 Cluster Charges  
  122  13:16  Supply Depot  
  122  13:19  Reaper x3  
  125  13:20  Reaper x2  
  125  13:29  Reaper x3  
  130  13:30  Reaper x2  
  132  13:45  W.I.L.D. Missiles  
  132  13:48  Supply Depot  
  132  13:54  Hellion x2  
  132  13:55  Hellion x3  
  142  14:04  Hellion x2  
  142  14:05  Hellion  
  148  14:22  Supply Depot  
  144  14:47  Sovereign Battlecruiser  
  154  14:54  Supply Depot  
  140  15:20  Horner Weapons Level 2  
  140  15:26  Supply Depot  
  132  15:46  Deimos Viking  
  137  15:57  Supply Depot  
  136  16:13  Deimos Viking  
  144  16:31  Hellion x4  
  144  16:32  Hellion  
  154  16:41  Hellion x2  
  158  17:13  Deimos Viking  
  166  17:35  Reaper x3  
  166  17:36  Reaper x2  
  169  18:18  Hellion  
  169  18:19  Hellion x3  
  179  18:20  Hellion  
  179  18:28  Hellion  
  179  18:29  Hellion x4  
  112  18:30  Horner Armor Level 2  
  173  19:34  Hellion  
  173  19:35  Hellion x4  
  181  19:44  Hellion  
  181  19:45  Hellion x4  
  145  20:33  Hellion x4  
  145  20:34  Hellion  
  153  20:43  Hellion x4  
  153  20:44  Hellion  
  157  20:52  Hellion  
  157  20:53  Hellion x4  
  167  21:02  Reaper  
  167  21:03  Reaper x4  
  172  21:12  Reaper  
  172  21:13  Reaper x3  
  160  21:54  Hellion x4  
  160  21:55  Hellion  
  170  22:04  Hellion x4  
  170  22:05  Hellion  
  180  22:14  Hellion  
  176  22:48  Deimos Viking  
  184  22:50  Sovereign Battlecruiser  
  184  22:58  Reaper x2  
  184  22:59  Reaper x3  
Tags
 
Add a new tag
Caveats
  • Supply blocks, unpowered buildings, or Contaminate may cause inaccurate times.
  • Supply counts are checked every 10 seconds.